Map: Mist Opportunities

Players

Dragon

  • Race: Protoss Protoss
  • Spawn Location: 5:00

NamroodTuo

  • Race: Zerg Zerg

VOD

Have the link to the VOD?

Description

Time

  • Played on: Jan. 21, 2023, 8:07 a.m.
  • Length: 30:17
Show
View Real Time Build Order
Export as new Build Order

Dragon Protoss 

Build Orders:  

Get SALT Encoding   

  12  0:26  Pylon  
  12  0:32  Pylon  
  12  0:37  Assimilator  
  12  0:47  Assimilator  
  12  1:08  Gateway  
  12  1:21  Pylon  
  12  2:16  Gateway  
  12  2:32  Forge  
  12  2:33  Probe (Chrono Boost)  
  13  2:47  Probe (Chrono Boost)  
  14  2:55  Pylon  
  14  2:58  Zealot  
  16  3:01  Probe (Chrono Boost)  
  16  3:07  Zealot  
  19  3:15  Probe (Chrono Boost)  
  19  3:19  Zealot  
  22  3:28  Probe (Chrono Boost)  
  23  3:33  Zealot  
  25  3:49  Zealot  
  27  4:07  Cybernetics Core  
  27  4:40  Probe (Chrono Boost)  
  27  4:48  Zealot  
  30  4:54  Probe (Chrono Boost)  
  31  5:08  Probe (Chrono Boost)  
  32  5:22  Probe (Chrono Boost)  
  33  5:35  Probe (Chrono Boost)  
  34  5:49  Probe (Chrono Boost)  
  35  6:03  Probe (Chrono Boost)  
  36  6:17  Probe (Chrono Boost)  
  37  6:31  Probe (Chrono Boost)  
  38  6:45  Probe (Chrono Boost)  
  39  6:52  Stargate  
  39  6:59  Probe (Chrono Boost)  
  40  7:09  Twilight Council  
  40  7:53  Robotics Facility  
  40  8:06  Phoenix  
  40  8:08  Zealot  
  40  8:09  Zealot  
  46  8:19  Nexus  
  46  9:02  Assimilator  
  46  9:09  Assimilator  
  46  9:14  Pylon  
  46  9:19  Pylon  
  46  9:22  Pylon  
  46  9:29  Pylon  
  40  9:33  Pylon  
  40  9:37  Pylon  
  30  9:43  Pylon  
  30  9:48  Pylon  
  30  10:57  Probe (Chrono Boost)  
  31  11:06  Charge  
  31  11:11  Probe (Chrono Boost)  
  32  11:25  Probe (Chrono Boost)  
  33  11:39  Probe (Chrono Boost)  
  34  11:43  Zealot, Templar Archives  
  34  11:44  Zealot x3  
  34  11:45  Zealot x2  
  34  11:49  Whirlwind  
  46  11:53  Probe (Chrono Boost)  
  47  12:20  Zealot  
  47  12:21  Zealot  
  41  12:43  Zealot x2  
  41  12:46  Phoenix  
  41  12:48  Phoenix  
  41  12:49  Phoenix  
  49  12:52  Immortal  
  53  13:03  Trillic Compresion Mesh  
  53  13:30  Zealot  
  53  13:31  Zealot  
  53  13:35  Phoenix  
  57  13:41  Zealot  
  57  13:42  Zealot  
  57  13:51  Immortal  
  61  14:21  Zealot x2  
  61  14:22  Singularity Charge  
  61  14:25  Phoenix  
  59  15:29  High Templar  
  61  15:30  High Templar  
  61  15:33  Archon  
  61  15:36  Probe (Chrono Boost)  
  61  15:39  Zealot x2  
  68  15:40  Zealot x2  
  72  15:50  Probe (Chrono Boost)  
  73  16:04  Probe (Chrono Boost)  
  74  16:18  Probe (Chrono Boost)  
  75  16:32  Probe (Chrono Boost)  
  75  16:37  Zealot x3  
  82  16:40  Phoenix  
  82  16:43  Immortal  
  82  16:44  Immortal  
  82  16:46  Probe (Chrono Boost)  
  103  17:00  Probe (Chrono Boost)  
  84  17:52  Zealot x3  
  84  17:55  High Templar  
  84  17:58  Dragoon  
  88  18:00  Phoenix  
  88  18:01  Phoenix  
  88  18:03  Phoenix  
  88  18:06  Immortal  
  88  18:08  Immortal  
  86  18:28  Probe (Chrono Boost)  
  79  18:38  Zealot  
  79  18:39  Zealot  
  83  18:41  Dragoon  
  83  18:42  Probe (Chrono Boost)  
  86  18:56  Probe (Chrono Boost)  
  85  19:03  Zealot  
  85  19:05  Phoenix  
  85  19:09  Immortal  
  93  19:10  Probe (Chrono Boost)  
  93  19:11  Immortal  
  98  19:24  Probe (Chrono Boost)  
  97  19:59  Observer  
  89  20:13  Zealot  
  89  20:14  Zealot x2  
  89  20:15  Dragoon  
  89  20:16  Dragoon  
  99  20:21  Observer  
  100  20:45  Observer  
  96  21:32  Zealot x3  
  96  21:34  Dragoon x2  
  96  21:37  Observer  
  96  21:39  Immortal  
  111  21:40  Immortal  
  115  21:53  Phoenix  
  115  21:54  Phoenix  
  115  21:55  Phoenix  
  115  21:57  Zealot  
  123  22:02  High Templar  
  125  22:10  Psionic Storm  
  125  22:18  Fleet Beacon  
  125  22:24  Probe (Chrono Boost)  
  126  22:34  Pylon  
  126  22:37  Pylon  
  126  22:45  Pylon  
  126  22:49  Pylon  
  126  22:54  Pylon  
  126  22:59  Probe (Chrono Boost)  
  127  23:01  Pylon  
  127  23:07  Pylon  
  127  23:10  Khaydarin Amulet  
  127  23:11  Pylon  
  127  23:13  Probe (Chrono Boost)  
  127  23:15  Pylon  
  128  23:23  Pylon  
  128  23:26  Phoenix  
  128  23:27  Probe (Chrono Boost)  
  128  23:29  Phoenix x2  
  135  23:33  Immortal x2  
  135  23:35  Zealot  
  135  23:36  Zealot x3  
  135  23:37  Zealot  
  153  23:41  Probe (Chrono Boost), Immortal  
  153  23:45  Zealot  
  158  24:46  Zealot  
  158  24:47  Zealot x2  
  158  24:48  Zealot  
  144  27:21  Zealot  
  144  27:22  Zealot x3  
  144  27:23  Zealot  
  134  28:42  Phoenix x2  
  134  28:43  Phoenix  
  134  28:48  Dragoon x3  
  134  28:49  Dragoon  
  134  28:50  Dragoon x2  
  128  29:45  Phoenix  
  128  29:46  Phoenix  
Show
View Real Time Build Order
Export as new Build Order

NamroodTuo Zerg 

Build Orders:  

Get SALT Encoding   

  12  0:03  Infested SCV  
  13  0:15  Infested SCV  
  13  0:19  Infested SCV  
  15  0:35  Infested Barracks  
  15  0:48  Overlord  
  15  1:00  Overlord  
  15  1:14  Overlord  
  15  1:15  Infested SCV  
  16  1:21  Infested SCV  
  17  1:37  Infested Refinery  
  17  1:39  Infested Refinery  
  17  1:40  Infested SCV  
  18  1:54  Infested Engineering Bay  
  18  1:59  Infested SCV  
  19  2:15  Infested SCV  
  20  2:32  Infested Barracks  
  20  2:36  Infested SCV  
  21  2:44  Infested SCV  
  22  2:58  Infested SCV  
  23  3:14  Infested SCV  
  24  3:23  Infested Barracks Tech Lab  
  24  3:26  Regenerative Plating  
  24  3:30  Infested SCV  
  25  3:48  Infested SCV  
  26  3:51  Retinal Augmentation  
  26  4:08  Overlord  
  26  4:21  Infested Marine x9  
  26  4:22  Infested Marine x4  
  26  4:26  Overlord  
  39  4:38  Stukov Infantry Weapons Level 1  
  39  4:42  Infested SCV  
  40  4:50  Infested SCV  
  40  4:51  Plagued Munitions  
  41  5:30  Infested SCV x2  
  41  5:38  Infested Factory  
  43  5:48  Infested Barracks  
  43  5:56  Infested Marine  
  43  5:57  Infested Marine x17  
  43  5:58  Infested Marine x7  
  55  6:30  Overlord x3  
  55  6:31  Overlord  
  55  6:46  Infested Barracks  
  55  7:18  Stukov Infantry Armor Level 1, Infested Bunker  
  59  7:35  Infested Marine  
  59  7:36  Infested Marine x3  
  38  7:52  Infested Armory  
  38  8:01  Infested Marine  
  38  8:02  Infested Marine x12  
  38  8:08  Infested Marine  
  38  8:09  Infested Marine x4  
  48  8:58  Infested Bunker  
  38  9:19  Infested Marine  
  39  9:20  Infested Marine x8  
  39  9:21  Infested Marine  
  48  9:33  Infested Marine x8  
  48  9:34  Infested Marine x2  
  58  9:42  Overlord  
  58  9:46  Infested Missile Turret  
  57  9:57  Overlord  
  57  9:58  Stukov Infantry Weapons Level 2  
  55  10:09  Infested Marine  
  56  10:10  Infested Marine  
  56  10:13  Overlord x2  
  56  10:14  Infested Missile Turret  
  50  11:06  Infested Command Center  
  40  11:12  Overlord  
  40  11:13  Infested SCV x3  
  40  11:14  Infested SCV  
  42  11:53  Infested Bunker  
  42  11:58  Infested Marine  
  42  11:59  Infested Marine x7  
  54  12:05  Infested Marine  
  54  12:06  Infested Marine x7  
  54  12:07  Infested Marine  
  63  12:35  Infested Marine x3  
  63  12:36  Infested Marine x19  
  85  12:50  Infested SCV x3  
  85  12:56  Infested Marine  
  85  12:57  Infested Marine x6  
  85  12:58  Infested Marine  
  94  13:03  Infested Marine x4  
  94  13:04  Infested Marine  
  94  13:07  Calcified Armor  
  97  13:36  Infested Marine  
  97  13:37  Infested Marine x9  
  97  13:38  Infested Marine x13  
  102  13:51  Infested SCV x2  
  102  13:52  Infested SCV x2  
  102  14:07  Stukov Infantry Armor Level 2  
  100  14:19  Infested SCV  
  90  14:39  Infested Marine x3  
  80  14:40  Infested Marine  
  80  14:41  Infested Marine x6  
  80  14:44  Overlord x4  
  87  15:15  Infested Marine  
  87  15:16  Infested Marine x4  
  87  15:17  Overlord x2  
  87  15:18  Overlord  
  69  15:21  Infested SCV x4  
  73  15:32  Infested Bunker  
  73  15:33  Infested SCV  
  78  15:54  Infested SCV  
  83  16:01  Infested Bunker  
  83  16:12  Infested Marine  
  83  16:13  Infested Marine x15  
  83  16:14  Infested Marine x3  
  83  16:19  Infested Marine  
  90  16:20  Infested Marine x12  
  90  16:21  Infested Marine x5  
  90  16:41  Infested Marine  
  90  16:42  Infested Marine x20  
  90  16:43  Infested Marine x10  
  103  17:07  Infested Bunker  
  107  17:17  Stukov Infantry Weapons Level 3  
  107  17:24  Infested SCV x2  
  107  17:25  Infested SCV  
  110  17:34  Infested Bunker  
  113  17:53  Infested Missile Turret  
  110  18:00  Infested Missile Turret x2  
  110  18:02  Infested Marine  
  110  18:03  Infested Marine x11  
  122  18:17  Infested Marine x5  
  122  18:18  Infested Marine x23  
  122  18:19  Infested Marine x8  
  127  18:24  Infested Marine  
  127  18:25  Infested Marine x12  
  140  18:30  Infested Marine x4  
  140  18:31  Infested Marine x8  
  138  19:55  Infested Bunker  
  138  19:59  Infested Marine x4  
  109  20:00  Infested Marine x24  
  109  20:01  Infested Marine x24  
  109  20:02  Infested Marine x10  
  145  20:13  Infested Marine  
  145  20:14  Infested Marine x17  
  163  20:57  Stukov Infantry Armor Level 3  
  163  21:26  Infested Marine  
  163  21:27  Infested Marine x19  
  163  21:28  Infested Marine x8  
  191  21:37  Infested Bunker  
  191  21:39  Infested Bunker  
  137  21:43  Infested Marine x8  
  137  21:44  Infested Marine x15  
  137  21:47  Infested Bunker  
  143  22:04  Infested Marine x4  
  143  22:05  Infested Marine x12  
  159  22:31  Infested Marine x7  
  159  22:32  Infested Marine x8  
  178  22:41  Infested Bunker  
  178  22:45  Infested Bunker  
  186  22:53  Infested Bunker  
  161  23:18  Infested Barracks  
  138  23:23  Infested Barracks  
  137  23:40  Infested Marine  
  137  23:41  Infested Marine x14  
  137  23:42  Infested Marine x7  
  143  24:05  Infested Marine x10  
  143  24:06  Infested Marine x25  
  143  24:07  Infested Marine x18  
  182  24:30  Infested Marine  
  182  24:31  Infested Marine x10  
  160  25:46  Infested Marine  
  160  25:47  Infested Marine x13  
  160  25:48  Infested Marine x17  
  148  25:55  Infested Marine x5  
  148  25:56  Infested Marine x21  
  173  26:00  Infested Marine x2  
  173  26:01  Infested Marine x23  
  173  26:09  Infested Marine  
  190  26:10  Infested Marine x8  
  198  27:10  Infested Factory Tech Lab  
  181  27:22  Infested Factory  
  161  27:39  Infested Marine  
  117  27:40  Infested Marine x22  
  117  27:41  Infested Marine x24  
  117  27:42  Infested Marine x5  
  117  27:44  Overlord x3  
  159  28:45  Infested Factory Tech Lab  
  159  29:18  Infested Marine  
  159  29:19  Infested Marine x12  
  120  29:20  Infested Marine x25  
  120  29:21  Infested Marine x25  
  120  29:22  Infested Marine x8  
  120  29:27  Infested Marine x5  
  120  29:28  Infested Marine x17  
Tags
 
Add a new tag
Caveats
  • Supply blocks, unpowered buildings, or Contaminate may cause inaccurate times.
  • Supply counts are checked every 10 seconds.